 Dungeon Sprint DCSS version 0.19-a0-1882-gbb73ea0 (webtiles) character file.

1670 poirepourri the Eclecticist (level 8, -6/41 HPs)
             Began as a Deep Elf Fire Elementalist on Oct 14, 2016.
             Was a Follower of Vehumet.
             Shot with an arrow by a centaur warrior (17 damage)
             ... in the Dungeon (Sprint I: "Red Sonja").
             The game lasted 00:03:10 (1211 turns).

poirepourri the Eclecticist (DEFE)                  Turns: 1211, Time: 00:03:11

Health: -6/41      AC:  4    Str:  5    XL:     8   Next: 69%
Magic:  12/29      EV: 13    Int: 23    God:    Vehumet [*.....]
Gold:   379        SH:  0    Dex: 15    Spells: 6 memorised, 20 levels left

rFire  . . .     SeeInvis .     (no weapon)
rCold  . . .     Gourm    .     e - +2 robe {MR+}
rNeg   . . .     Faith    .     (no shield)
rPois  .         Spirit   .     (no helmet)
rElec  .         Dismiss  .     (no cloak)
rCorr  .         Reflect  .     (no gloves)
MR     +....     Harm     .     (no boots)
Stlth  ++........ NoTele   +    (no amulet)
                                (no ring)
                                (no ring)

@: no status effects
A: no striking features
a: Renounce Religion


You were in the Dungeon.
You worshipped Vehumet.
Vehumet was aware of your devotion.
You were not hungry.

You visited 1 branch You collected 513 gold pieces.
You spent 134 gold pieces at shops.

Inventory:

Armour
 a - a +0 robe
 e - a +2 robe of magic resistance (worn)
Scrolls
 k - a scroll of amnesia {unknown}
Potions
 c - a potion of might {unknown}
 d - a potion of curing
 f - a potion of haste
 g - 2 potions of magic
 h - a potion of berserk rage
 j - a potion of agility {unknown}
Books
 b - a book of Flames

   Spells                             Type                      Level
   a - Flame Tongue                   Conjuration/Fire             1
   b - Throw Flame                    Conjuration/Fire             2
   c - Conjure Flame                  Conjuration/Fire             3
   d - Inner Flame                    Hexes/Fire                   3
   e - Sticky Flame                   Conjuration/Fire             4
   f - Fireball                       Conjuration/Fire             5
Comestibles
 i - a slice of pizza


   Skills:
 + Level 2.4 Dodging
 + Level 2.4 Stealth
 * Level 15.9 Spellcasting
 + Level 7.7 Conjurations
 + Level 14.0 Fire Magic


You had 20 spell levels left.
You knew the following spells:

 Your Spells              Type           Power        Failure   Level  Hunger
a - Flame Tongue          Conj/Fire      #####        1%          1    None
b - Throw Flame           Conj/Fire      ######       1%          2    None
c - Conjure Flame         Conj/Fire      ######..     1%          3    None
d - Inner Flame           Hex/Fire       ######..     1%          3    None
e - Sticky Flame          Conj/Fire      ######..     1%          4    None
f - Fireball              Conj/Fire      ######....   1%          5    ##.....


Dungeon Overview and Level Annotations

Branches:
Dungeon (1/1)

Altars:
Cheibriados
Dithmenos
Elyvilon
Fedhas
Hepliaklqana
Kikubaaqudgha
Makhleb
Okawaru
Qazlal
Ru
Sif Muna
Trog
Uskayaw
Vehumet
Xom
Yredelemnul
Zin
The Shining One
Jiyva
Lugonu

Shops:
D *[[


Message History

Aiming: Fireball
Press: ? - help, Shift-Dir - straight line, f/p - centaur warrior
Aim: a centaur warrior, wielding a longbow (purple smoke, moderately wounded)
The fireball explodes!
The fireball engulfs the centaur warrior.
The centaur warrior is moderately wounded.
The centaur warrior shoots an arrow.
The arrow hits you.
* * * LOW HITPOINT WARNING * * *
Casting: Fireball
Confirm with . or Enter, or press ? or * to list all spells.
Aiming: Fireball
Press: ? - help, Shift-Dir - straight line, f/p - centaur warrior
Aim: a centaur warrior, wielding a longbow (moderately wounded)
The fireball explodes!
The fireball engulfs the centaur warrior.
The centaur warrior is severely wounded.
The fireball engulfs the centaur warrior.
The centaur warrior is almost dead.
The centaur warrior shoots an arrow.
The arrow hits you!
You die...

#.)#####'#####'#__# ##
#..# #..#...#.####§§#
#..#__####..##.#§≈§§c
#..#_____##'#..+≈§c§§
#⌠⌠#_.∩...'..._#≈§c§c
####_..__##_.#'##'###
___ ##'#[#)§§(###
############.####'###.##
#∩........'...@.cc..'(∩#
###++++####.).##########
##.## #+#


You could see 2 centaur warriors.

Vanquished Creatures
  Sonja (D)
  A deep troll (D)
  A slime creature (D)
  A yak (D)
  Sigmund (D)
  An ogre (D)
  A jelly (D)
  Ijyb (D)
8 creatures vanquished.

Notes
Turn   | Place    | Note
-------+----------+-------------------------------------------
     0 | D        | poirepourri the Deep Elf Fire Elementalist began the quest for the Orb.
     0 | D        | Reached XP level 1. HP: 10/10 MP: 6/6
     3 | D        | Noticed Ijyb
     7 | D        | Killed Ijyb
     7 | D        | Reached skill level 5 in Spellcasting
     7 | D        | Reached skill level 5 in Fire Magic
     7 | D        | Reached XP level 2. HP: 12/15 MP: 2/10
    75 | D        | Learned a level 2 spell: Throw Flame
    80 | D        | Noticed an ogre
    85 | D        | Killed an ogre
    85 | D        | Reached skill level 8 in Spellcasting
    85 | D        | Reached XP level 3. HP: 19/19 MP: 3/14
    85 | D        | Reached XP level 4. HP: 24/24 MP: 3/16
   171 | D        | Learned a level 3 spell: Conjure Flame
   175 | D        | Learned a level 3 spell: Inner Flame
   180 | D        | Learned a level 4 spell: Sticky Flame
   187 | D        | Noticed Sigmund
   193 | D        | Killed Sigmund
   193 | D        | Reached skill level 10 in Spellcasting
   193 | D        | Reached skill level 10 in Fire Magic
   193 | D        | Reached XP level 5. HP: 22/28 MP: 7/20
   373 | D        | Found a deep blue altar of Sif Muna.
   375 | D        | Found a radiant altar of Vehumet.
   378 | D        | Reached XP level 6. HP: 32/32 MP: 15/21
   397 | D        | Became a worshipper of Vehumet
   419 | D        | Learned a level 5 spell: Fireball
   422 | D        | Found Ogops's Antique Armour Emporium.
   422 | D        | Found an ancient bone altar of Kikubaaqudgha.
   422 | D        | Found a hazy altar of Hepliaklqana.
   422 | D        | Found a stormy altar of Qazlal.
   422 | D        | Found a hide-covered altar of Uskayaw.
   422 | D        | Found a blossoming altar of Fedhas.
   422 | D        | Found a bloodstained altar of Trog.
   422 | D        | Found an iron altar of Okawaru.
   422 | D        | Found a basalt altar of Yredelemnul.
   422 | D        | Found a glowing golden altar of the Shining One.
   422 | D        | Found a snail-covered altar of Cheibriados.
   422 | D        | Found a sacrificial altar of Ru.
   422 | D        | Found a glowing silver altar of Zin.
   422 | D        | Found a shadowy altar of Dithmenos.
   422 | D        | Found a white marble altar of Elyvilon.
   422 | D        | Noticed a yak
   450 | D        | HP: 1/32 [yak (4)]
   455 | D        | Killed a yak
   455 | D        | Reached skill level 12 in Spellcasting
   635 | D        | Noticed Sonja
   636 | D        | Killed Sonja
   636 | D        | Reached skill level 14 in Spellcasting
   636 | D        | Reached XP level 7. HP: 25/36 MP: 18/26
   911 | D        | Found Quiveli's Assorted Antiques.
   919 | D        | Bought a glowing robe for 134 gold pieces
   957 | D        | Noticed a deep troll
   960 | D        | Killed a deep troll
   960 | D        | Reached * piety under Vehumet
   960 | D        | Offered knowledge of Shock by Vehumet.
   960 | D        | Reached skill level 15 in Spellcasting
   960 | D        | Reached XP level 8. HP: 41/41 MP: 11/29
   971 | D        | Found Niotoot's Armour Emporium.
  1050 | D        | Found a burning altar of Makhleb.
  1050 | D        | Found a shimmering altar of Xom.
  1050 | D        | Noticed a slime creature
  1059 | D        | Killed a slime creature
  1170 | D        | Found a viscous altar of Jiyva.
  1170 | D        | Found a corrupted altar of Lugonu.
  1197 | D        | Noticed a centaur warrior
  1199 | D        | Noticed a centaur warrior
  1211 | D        | Shot with an arrow by a centaur warrior

Vault maps used:
D:        dungeon_sprint_1

Skill      XL: |  1  2  3  4  5  6  7  8 |
---------------+-------------------------+-----
Spellcasting   | 5 8 10 14 15 | 15.9
Fire Magic     | 5 8 10 13 14 | 14.0
Conjurations   | 2 3 6 7 |  7.7
Dodging        | |  2.4
Stealth        | |  2.4

Action                   |  1- 3 |  4- 6 |  7- 9 || total
-------------------------+-------+-------+-------++-------
 Cast: Flame Tongue      |     6 |    14 |     2 ||    22
       Throw Flame       |     2 |     5 |     1 ||     8
       Conjure Flame     |       |     2 |     1 ||     3
       Fireball          |       |       |     9 ||     9
  Use: Scroll            |     1 |     1 |       ||     2
       Potion            |       |     1 |       ||     1
  Eat: Bread ration      |       |       |     1 ||     1
Armor: Robe              |       |     1 |       ||     1
Dodge: Dodged            |       |     4 |     2 ||     6
